 Dungeon Crawl Stone Soup version 0.19-a0-1704-gbd66c22 (webtiles) character file.

273 GrosslyIncandescent the Insei (level 6, -12/47 HPs)
             Began as a Mummy Monk on Sept 27, 2016.
             Mangled by a wolf spider (21 damage)
             ... on level 1 of the Dungeon.
             The game lasted 00:07:45 (12929 turns).

GrosslyIncandescent the Insei (Mummy Monk)         Turns: 12929, Time: 00:07:48

Health: -12/47     AC:  3    Str: 14    XL:     6   Next: 3%
Magic:  6/6        EV: 14    Int: 10    God:
Gold:   166        SH:  0    Dex: 16    Spells: 0 memorised, 5 levels left

rFire  x x .     SeeInvis .       - Unarmed
rCold  + + .     Gourm    .     (no armour)
rNeg   + + +     Faith    .     (no shield)
rPois  ∞         Spirit   .     (no helmet)
rElec  .         Dismiss  .     g - +0 cloak
rCorr  .         Reflect  .     b - +0 pair of gloves
MR     .....     Harm     .     (no boots)
Stlth  ++........               (no amulet)
                                (no ring)
                                k - ring of ice

@: no status effects
A: no food or potions, fire vulnerability, cold resistance 1, negative energy
resistance 3, torment resistance, unbreathing
a: no special abilities


You were on level 1 of the Dungeon.
You were not hungry.

You visited 1 branch of the dungeon, and saw 4 of its levels.

You collected 166 gold pieces.


Innate Abilities, Weirdness & Mutations

You do not eat or drink.
Your flesh is vulnerable to fire.
You are immune to poison.
Your flesh is cold resistant. (rC+)
You are immune to negative energy. (rN+++)
You are immune to unholy pain and torment.
You can survive without breathing.


   Skills:
 - Level 3.0 Fighting
 + Level 3.5 Dodging
 - Level 1.5 Stealth
 - Level 5.0 Unarmed Combat


You had 5 spell levels left.
You didn't know any spells.

Inventory:

Missiles
 m - 3 large rocks (quivered) {=f}
Armour
 b - a +0 pair of gloves (worn)
 e - a +0 buckler
 g - a +0 cloak (worn)
Jewellery
 c - an uncursed ring of fire
 k - a ring of ice (left hand)
Scrolls
 a - a scroll of teleportation {@r4}
 d - a scroll of enchant armour {unknown}
 f - 2 scrolls of fog
 h - 2 scrolls of magic mapping
 l - a scroll of amnesia {unknown}

Dungeon Overview and Level Annotations

Branches:
Dungeon (4/15)
 Temple: D:4-7

Altars:
Hepliaklqana

,░░,░░,,,,,,,,░░░░░,,,,,,,,,,,,,,
,^,,,,,,,,,,,,,...',,,,,,,,,,,,,,
,░░,░░,,,░,,,,░▒.▒░,,,,,,,,,,,,,,
[░░,░░,,,,!,,,░▒.▒░,,,,,,,,,,,,,,
,░░,░░,,,,,,,,░▒.▒░,,,,,,,,,,,,,,
.░▒.░▒..░,░,,,░▒.▒░░░░░░░░░,,,,,,
.▒▒.▒▒..,,,,,,░▒.▒ ░,,,,,,
.......▒▒,,,,,░▒s▒ ░░░░░░░
........▒,,,,,░▒M▒
........▒░░░░░░▒.▒ ▒.......▒ ▒.▒
░░░ ........▒ ▒.▒ ░,,
▒▒▒▒▒▒..▒▒▒▒▒▒▒▒.▒ ░,,
......▒.......▒▒.▒▒▒▒▒ ░,,
▒▒▒▒▒.▒..............▒ ░,,
▒.▒▒.............▒ ░,,
▒.▒▒.............▒ ░,,


You could see a wolf spider.


Message History

a dagger x3
Found a dagger of pain!
Found an inky potion!
Found a fruit!
You see here a dagger of pain!
Found a club!
There is an open door here!
There is an open door here!
Found a murky red potion!
Found a dagger!
An ice dragon is nearby!!!
There is an open door here!
You close the door!
You close the door!
You open the door!
There is an open door here!
As you close the door, it creaks loudly!!!
A wolf spider comes into view!
The wolf spider hits you but does no damage!
The wolf spider misses you!
You pulverise the wolf spider but do no damage!
The wolf spider closely misses you! The wolf spider bites you!!!
You squash the wolf spider like an ant!
The wolf spider is lightly wounded!
The wolf spider hits you!!!!!! * * * don't die
* * * The wolf spider bites you!!! * * * don't die
* * * The wolf spider hits you!!!!!! rip

Action                   |  1- 3 |  4- 6 || total
-------------------------+-------+-------++-------
Melee: Unarmed           |   170 |   218 ||   388
       Punch             |     3 |     9 ||    12
  Use: Scroll            |       |     4 ||     4
 Stab: Sleeping          |     4 |     2 ||     6
       Distracted        |       |     1 ||     1
Armor: Skin              |    20 |    37 ||    57
Dodge: Dodged            |   103 |   158 ||   261

Vault maps used:
D:1:      minmay_arrival_arboretum_small, serial_glass, glass_columns_a,
          glass_columns_a, minmay_misc_feat_five
D:2:      first_bread
D:3:      lemuel_crystal_altar

Notes
Turn   | Place    | Note
-------+----------+-------------------------------------------
     0 | D:1      | GrosslyIncandescent the Mummy Monk began the quest for the Orb.
     0 | D:1      | Reached XP level 1. HP: 18/18 MP: 1/1
   328 | D:1      | Reached XP level 2. HP: 22/24 MP: 2/2
   365 | D:1      | Reached skill level 3 in Unarmed Combat
  1076 | D:2      | Reached XP level 3. HP: 10/29 MP: 3/3
  1338 | D:2      | You fall through a shaft for 2 floors!
  1816 | D:3      | Found a hazy altar of Hepliaklqana.
  2085 | D:3      | Reached skill level 4 in Unarmed Combat
  2343 | D:2      | Reached XP level 4. HP: 35/35 MP: 4/4
  2918 | D:3      | Reached XP level 5. HP: 19/41 MP: 5/5
  3431 | D:2      | Reached skill level 5 in Unarmed Combat
  5215 | D:1      | Reached skill level 3 in Dodging
  9129 | D:1      | Noticed an ice dragon
 10727 | D:2      | Reached XP level 6. HP: 25/47 MP: 6/6
 12925 | D:1      | Noticed a wolf spider
 12929 | D:1      | Mangled by a wolf spider

Vanquished Creatures
  2 scorpions
  4 gnolls
  4 adders
  An ooze (D:2)
  2 worms (D:3)
  2 dart slugs
  4 leopard geckos
  2 orcs (D:3)
  6 giant cockroaches
  7 goblins
  9 hobgoblins
  3 jackals (D:3)
  2 quokkas
  A ball python (D:1)
  11 bats
  6 frilled lizards
  9 kobolds
  10 rats
85 creatures vanquished.
